 Dungeon Crawl Stone Soup version 0.29.0-4-gdea44cf6ec (webtiles) character file.

Game seed: 13190893818838042455

86 qw the Ruffian (level 4, 0/35 HPs)
             Began as a Ghoul Fire Elementalist on Aug 29, 2022.
             Slain by Terence
             ... wielding a +2 vorpal flail
              (1 damage)
             ... on level 3 of the Dungeon.
             The game lasted 00:02:28 (2962 turns).

qw the Ruffian (Ghoul Fire Elementalist)            Turns: 2962, Time: 00:02:28

Health: 0/35       AC:  5    Str: 13    XL:     4   Next: 50%
Magic:  0/5        EV: 10    Int: 10    God:
Gold:   126        SH:  0    Dex:  9    Spells: 5/6 levels left

rFire   . . .      SeeInvis .     - Unarmed
rCold   + . .      Faith    .   (no shield)
rNeg    + + +      Spirit   +   f - +0 ring mail
rPois   inf        Reflect  .   (no helmet)
rElec   .          Harm     .   (no cloak)
rCorr   .          Rampage  .   (no gloves)
Will    +....                   (no boots)
Stlth   +.........              g - amulet of guardian spirit
HPRegen 0.00/turn               b - ring of willpower
MPRegen 0.09/turn               (no ring)

@: about to teleport, inhibited regen
A: claws 1, cold resistance 1, negative energy resistance 3, inhibited
regeneration, torment resistance 2, devour on kill
a: no special abilities


You were on level 3 of the Dungeon.
You visited 1 branch of the dungeon, and saw 3 of its levels.

You collected 126 gold pieces.


Innate Abilities, Weirdness & Mutations

You are immune to poison.
You have sharp fingernails.
Your flesh is cold resistant. (rC+)
You are immune to negative energy. (rN+++)
You do not regenerate when monsters are visible.
You are immune to unholy pain and torment.
You thrive by killing the living.


   Skills:
 + Level 1.2 Fighting
 - Level 1.7 Dodging
 - Level 2.1 Stealth
 - Level 4.1 Unarmed Combat
 - Level 1.7 Spellcasting
 - Level 0.7 Conjurations
 - Level 2.4 Fire Magic


You had 5 spell levels left.
You knew the following spells:

 Your Spells              Type           Power      Damage    Failure   Level
a - Foxfire               Conj/Fire      16%        2x1d4     36%         1

Your spell library contained the following spells:

 Spells                   Type           Power      Damage    Failure   Level
 Scorch                   Fire           10%        2d5       36%         2
 Conjure Flame            Conj/Fire      4%         6-21      73%         3
 Inner Flame              Hex/Fire       3%         N/A       78%         3
 Flame Wave               Conj/Fire      4%         2d5       98%         4

Inventory:

Armour
 f - a +0 ring mail (worn)
Jewellery
 b - a ring of willpower (left claw)
 g - an amulet of guardian spirit (around neck)
Potions
 c - a potion of degeneration {unknown}
 e - a potion of invisibility {unknown}
 i - a potion of might {unknown}

Dungeon Overview and Level Annotations

Branches:
Dungeon (3/15)

Altars:
Ashenzari

Annotations:
D:3 Grinder, Terence


Message History

Terence is nearby!
You scratch Terence.
Terence is moderately wounded.
Terence hits you with a +2 vorpal flail.
You closely miss Terence.
Terence is moderately wounded.
Terence hits you but does no damage.
Grinder blinks!
You scratch Terence.
Terence is moderately wounded.
Terence shouts, "Get ready for death!"
Terence hits you with a +2 vorpal flail.
You closely miss Terence.
Terence is moderately wounded.
Terence closely misses you.
You scratch Terence.
Terence is moderately wounded.
Terence hits you with a +2 vorpal flail.
You scratch Terence.
Terence is heavily wounded.
Terence barely misses you.
You barely miss Terence.
Terence is heavily wounded.
You scratch Terence. Your claw misses Terence.
Terence is heavily wounded.
Terence barely misses you.
Grinder blinks!
You scratch Terence.
Terence is severely wounded.
Terence hits you with a +2 vorpal flail.
You scratch Terence but do no damage.
Terence is severely wounded.
Terence says, "How do you enjoy it?"
Terence hits you with a +2 vorpal flail.
You barely miss Terence.
Terence is severely wounded.
Terence hits you with a +2 vorpal flail.
2962 ||| READING scroll of teleportation.
As you read the scroll of teleportation, it crumbles to dust.
You feel strangely unstable.
Terence hits you with a +2 vorpal flail!
You die...

.# #.##.########.#
# .###............#
5# ......>....###.#
#. ........##....#
#@
#.####.###.###.###.
#.# #.# #......#.
#.####.###.#####.#
#).#....# #@#
#.#.##### #@#
#.#.#########.#
#.#...........#
#.############# ..
##


You could see Terence.

Vanquished Creatures
  4 adders
  6 bats
  3 endoplasms
  2 giant cockroaches (D:2)
  3 goblins
  6 hobgoblins
  6 quokkas
  6 ball pythons
  4 frilled lizards
  6 kobolds
  4 rats
50 creatures vanquished.

Vanquished Creatures (others)
  9 plants (D:2)
9 creatures vanquished.

Grand Total: 59 creatures vanquished

Notes
Turn   | Place    | Note
-------+----------+-------------------------------------------
     0 | D:1      | qw the Ghoul Fire Elementalist began the quest for the Orb.
     0 | D:1      | Reached XP level 1. HP: 14/14 MP: 2/2
     0 | D:1      | 0 ||| qw: Version: 0.1-a-90-g952f4b7
     0 | D:1      | 0 ||| qw: Game counter: 4105
     0 | D:1      | 0 ||| qw: Always use a shield: true
     0 | D:1      | 0 ||| qw: God list: Okawaru
     0 | D:1      | 0 ||| qw: Allow faded altars: false
     0 | D:1      | 0 ||| qw: Do Orc after D:15 true
     0 | D:1      | 0 ||| qw: Do second Lair branch before Depths: true
     0 | D:1      | 0 ||| qw: Lair rune preference: random
     0 | D:1      | 0 ||| qw: Plans: Normal
     0 | D:1      | 0 ||| PLANNING D:1-11
   121 | D:1      | 121 ||| Stepping ~*~*~tactically~*~*~ (stealth).
   130 | D:1      | Reached skill level 1 in Unarmed Combat
   217 | D:1      | 217 ||| Stepping ~*~*~tactically~*~*~ (stealth).
   223 | D:1      | 223 ||| Stepping ~*~*~tactically~*~*~ (stealth).
   226 | D:1      | 226 ||| Stepping ~*~*~tactically~*~*~ (stealth).
   239 | D:1      | 239 ||| Stepping ~*~*~tactically~*~*~ (stealth).
   252 | D:1      | 252 ||| Stepping ~*~*~tactically~*~*~ (stealth).
   255 | D:1      | 255 ||| Stepping ~*~*~tactically~*~*~ (stealth).
   256 | D:1      | 256 ||| Stepping ~*~*~tactically~*~*~ (stealth).
   336 | D:1      | Reached skill level 1 in Fighting
   336 | D:1      | Reached XP level 2. HP: 22/23 MP: 3/3
  1072 | D:1      | Reached skill level 2 in Unarmed Combat
  1413 | D:1      | HP: 4/23 [hobgoblin (3)]
  1680 | D:1      | Found a faded altar of an unknown god.
  1798 | D:1      | Reached XP level 3. HP: 28/28 MP: 4/4
  1928 | D:1      | 1928 ||| UPGRADING to +0 leather armour.
  1938 | D:1      | 1938 ||| DROPPING +0 robe.
  1939 | D:1      | 1939 ||| UPGRADING to amulet of guardian spirit.
  1944 | D:1      | 1944 ||| READING scroll labelled MUTRIZ BAJIJIV.
  1948 | D:1      | 1948 ||| READING scroll labelled WUDIPI DAUGGE.
  1949 | D:1      | 1949 ||| DROPPING potion of magic.
  2094 | D:2      | Reached skill level 3 in Unarmed Combat
  2214 | D:2      | 2214 ||| Stepping ~*~*~tactically~*~*~ (stealth).
  2215 | D:2      | 2215 ||| Stepping ~*~*~tactically~*~*~ (stealth).
  2225 | D:2      | 2225 ||| Stepping ~*~*~tactically~*~*~ (stealth).
  2226 | D:2      | 2226 ||| Stepping ~*~*~tactically~*~*~ (stealth).
  2227 | D:2      | 2227 ||| Stepping ~*~*~tactically~*~*~ (stealth).
  2229 | D:2      | 2229 ||| Stepping ~*~*~tactically~*~*~ (stealth).
  2232 | D:2      | 2232 ||| Stepping ~*~*~tactically~*~*~ (stealth).
  2325 | D:2      | 2325 ||| Stepping ~*~*~tactically~*~*~ (stealth).
  2570 | D:2      | 2570 ||| Stepping ~*~*~tactically~*~*~ (stealth).
  2671 | D:2      | Reached XP level 4. HP: 35/35 MP: 5/5
  2685 | D:2      | 2685 ||| Stepping ~*~*~tactically~*~*~ (stealth).
  2689 | D:2      | 2689 ||| Stepping ~*~*~tactically~*~*~ (stealth).
  2690 | D:2      | 2690 ||| Stepping ~*~*~tactically~*~*~ (stealth).
  2691 | D:2      | 2691 ||| Stepping ~*~*~tactically~*~*~ (stealth).
  2693 | D:2      | 2693 ||| Stepping ~*~*~tactically~*~*~ (stealth).
  2835 | D:2      | 2835 ||| UPGRADING to +0 ring mail.
  2845 | D:2      | 2845 ||| DROPPING +0 leather armour.
  2846 | D:2      | 2846 ||| UPGRADING to ring of willpower.
  2847 | D:2      | 2847 ||| READING scroll labelled BIHILO KENUE.
  2872 | D:3      | Found a broken altar of Ashenzari.
  2880 | D:3      | Reached skill level 4 in Unarmed Combat
  2943 | D:3      | Noticed Grinder
  2943 | D:3      | Noticed Terence
  2944 | D:3      | 2944 ||| Stepping ~*~*~tactically~*~*~ (stealth).
  2947 | D:3      | 2947 ||| Stepping ~*~*~tactically~*~*~ (hiding).
  2961 | D:3      | HP: 8/35 [Terence/+2 vorpal flail (1)]
  2962 | D:3      | 2962 ||| READING scroll of teleportation.
  2962 | D:3      | HP: 1/35 [Terence/+2 vorpal flail (7)]
  2962 | D:3      | Slain by Terence

Levels and vault maps discovered:
D:1:      dpeg_arrival_connections, layout_basic, serial_rivers,
          chequers_serial_rivers_micro_d, chequers_serial_rivers_marsh,
          chequers_serial_rivers_micro_b, chequers_serial_rivers_small_b,
          chequers_serial_rivers_large_a, dreamdust_ecumenical_altar_grove
D:2:      layout_basic, lexackson_kobold_supper
D:3:      layout_loops_ring, nicolae_elyvilon_temple_path, ashenzari_altar_1,
          uniq_terence, uniq_grinder

Skill      XL: |  1  2  3  4 |
---------------+-------------+-----
Unarmed Combat | 1 2 3 4 |  4.1
Fighting       | 1 |  1.2
Dodging        | |  1.7
Stealth        | |  2.1
Spellcasting   | |  1.7
Conjurations   | |  0.7
Fire Magic     | |  2.4

Action                   |  1- 3 |  4- 6 || total
-------------------------+-------+-------++-------
Melee: Unarmed           |   174 |    33 ||   207
       Punch             |     3 |       ||     3
  Use: Scroll            |     2 |     2 ||     4
 Stab: Sleeping          |     1 |       ||     1
Armor: Robe              |    16 |       ||    16
       Leather armour    |    20 |     1 ||    21
       Ring mail         |       |     9 ||     9
Dodge: Dodged            |    86 |    15 ||   101

Table legend:
 A = Non-vault XP
 B = Vault XP
 C = Vault XP percentage of total XP
 D = Non-vault monster count
 E = Vault monster count
 F = Vault count percentage of total count
                 A         B        C        D         E       F
            +---------+---------+-------+---------+---------+-------
      Total |     113 |      11 |   8.9 |      42 |       8 |  16.0
            +---------+---------+-------+---------+---------+-------
        D:1 |      34 |       0 |   0.0 |      22 |       0 |   0.0
        D:2 |      62 |      11 |  15.1 |      17 |       8 |  32.0
        D:3 |      17 |       0 |   0.0 |       3 |       0 |   0.0
            +---------+---------+-------+---------+---------+-------
